 Dungeon Crawl Stone Soup version 0.18-a0-1353-gf2a912f (webtiles) character file.

58618 Reinor the Unseen (level 14, -4/70 HPs)
             Began as a Spriggan Abyssal Knight on Feb 19, 2016.
             Was the Champion of Lugonu.
             Slain by a wolf spider (10 damage)
             ... on level 1 of the Spider Nest.
             The game lasted 01:12:28 (18755 turns).

Reinor the Unseen (Spriggan Abyssal Knight)        Turns: 18755, Time: 01:12:28

Health: -4/70      AC:  5    Str:  6    XL:     14   Next: 50%
Magic:  11/27      EV: 14    Int: 19    God:    Lugonu [******]
Gold:   1490       SH:  0    Dex: 15    Spells: 5 memorised, 10 levels left

rFire  . . .     SeeInvis +     f - +4 short sword (distort)
rCold  . . .     Gourm    .     x - +0 troll leather armour
rNeg   . . .     Faith    .     (shield restricted)
rPois  +         Spirit   .     (helmet restricted)
rElec  .         Dismiss  .     (no cloak)
rCorr  .         Reflect  .     (gloves unavailable)
SustAt .         Harm     .     (boots unavailable)
MR     ++...                    g - amulet of regeneration
Stlth  +++++++...               q - +4 ring of evasion
                                E - ring of poison resistance

@: lethally poisoned (-4 -> -5), very slightly contaminated, held, studying
Throwing, very quick, very resistant to hostile enchantments, extremely stealthy
A: unfitting armour, horns 1, see invisible, herbivore 3, speed 3, sense
surroundings 1, shaggy fur 1, slow metabolism 2, weak 1, wild magic 1
a: Depart the Abyss, Bend Space, Banish, Corrupt, Enter the Abyss, Brand Weapon
With Distortion, Renounce Religion


You were on level 1 of the Spider Nest.
You worshipped Lugonu.
Lugonu was exalted by your worship.
You were very hungry.

You visited 3 branches of the dungeon, and saw 19 of its levels.
You visited the Abyss 1 time.
You also visited: Labyrinth.

You collected 1490 gold pieces.

Inventory:

Hand Weapons
 f - a +4 short sword of distortion (weapon)
 z - a +0 blowgun
Missiles
 e - 67 poisoned needles
 L - 8 curare-tipped needles
Armour
 x - a +0 troll leather armour (worn)
 O - a fire dragon hide
Jewellery
 g - an amulet of regeneration (around neck)
 h - the ring of Xoerch {Ice rPois MR- Dex+2}
   (You found it on level 6 of the Lair of Beasts)

   [ring of ice]

   It enhances your ice magic, and weakens your fire magic.
   It affects your dexterity (+2).
   It makes you vulnerable to fire.
   It protects you from cold.
   It protects you from poison.
   It affects your resistance to hostile enchantments.
 n - an uncursed amulet of magic regeneration
 q - a +4 ring of evasion (right hand)
 s - an uncursed ring of stealth
 u - an uncursed ring of wizardry
 y - an uncursed ring of wizardry
 B - the ring of the Sun {rF+ rC+ MR+ MP+9 Slay-3}
   (You found it in a labyrinth)

   [ring of magical power]

   It affects your accuracy and damage with ranged weapons and melee attacks
   (-3).
   It protects you from fire.
   It protects you from cold.
   It affects your resistance to hostile enchantments.
   It affects your magic capacity (+9).
 E - a ring of poison resistance (left hand)
 M - an uncursed ring of fire
Wands
 k - a wand of paralysis (12/24)
 w - a wand of acid (3/15)
 N - a wand of disintegration (0/24)
 P - a wand of digging (1/24)
 U - a wand of disintegration (17/24)
Scrolls
 a - 3 scrolls of enchant weapon
 i - a scroll of identify
 l - 5 scrolls of amnesia
 m - 10 scrolls of recharging
 r - 2 scrolls of magic mapping
 v - 5 scrolls of teleportation
 C - 8 scrolls of remove curse
 S - 2 scrolls of fog
 V - a scroll of fear
Potions
 b - 4 potions of might
 d - 7 potions of curing
 o - a potion of magic
 p - 3 potions of heal wounds
 t - 3 potions of cancellation
 A - 5 potions of ambrosia
 D - a potion of invisibility
 J - 2 potions of lignification
 K - a potion of berserk rage
 R - a potion of cure mutation
 T - a potion of brilliance
Books
 G - a book of the Sky

   Spells                             Type                      Level
   a - Summon Lightning Spire         Summoning/Air                4
   b - Airstrike                      Air                          4
   c - Silence                        Hexes/Air                    5
   d - Deflect Missiles               Charms/Air                   6
   e - Conjure Ball Lightning         Conjuration/Air              6
   f - Tornado                        Air                          9
 H - a manual of Throwing
Miscellaneous
 F - a phantom mirror
Comestibles
 c - 8 bread rations
 j - 22 fruits
 I - a royal jelly


   Skills:
 - Level 6.0 Fighting
 - Level 12.0 Short Blades
 - Level 6.0 Throwing
 - Level 12.0 Dodging
 - Level 16.1 Stealth
 - Level 8.0 Spellcasting
 + Level 15.3 Hexes
 - Level 7.0 Invocations
 - Level 8.0 Evocations


You had 10 spell levels left.
You knew the following spells:

 Your Spells              Type           Power        Failure   Level  Hunger
a - Dazzling Spray        Conj/Hex       ######..     5%          3    None
b - Summon Butterflies    Summ           ##......     26%         1    None
c - Silence               Hex/Air        ######....   30%         5    #####..
d - Deflect Missiles      Chrm/Air       ##........   100%        6    ######.
e - Airstrike             Air            ##........   99%         4    ###....


Dungeon Overview and Level Annotations

Branches:
Dungeon (10/15)            Temple (0/1) D:7            Lair (8/8) D:10
  Swamp (0/4) Lair:3       Spider (1/4) Lair:4        Slime (0/6) Lair:7
    Orc: D:9-12

Altars:
Ashenzari
Elyvilon
Fedhas
Kikubaaqudgha
Makhleb
Nemelex Xobeh
Pakellas
Trog
Vehumet
Xom
Zin
The Shining One
Jiyva

Shops:
D:3 }


Innate Abilities, Weirdness & Mutations

You are tiny and cannot use many weapons and most armour.
You have supernaturally acute eyesight.
You are an herbivore.
You cover ground extremely quickly.
You need consume almost no food.
You have a pair of small horns on your head.
You passively map a small area around you.
You are covered in fur (AC +1).
You are weak. (Str -2)
Your spells are a little harder to cast, but a little more powerful.


Message History

The wolf spider is almost dead.
The wolf spider completely misses you. The wolf spider bites you!
* * * LOW HITPOINT WARNING * * *
You are poisoned.
The wolf spider poisons you!
Unknown command.
You feel sick.
You feel sick.
You feel sick.
There is a crawl-hole back to the Lair here.
You feel sick.
You are caught in the web!
You feel sick.
There is a web here.
You struggle to detach yourself from the web.
You feel sick. The wolf spider barely misses you. x2
You struggle to detach yourself from the web.
You feel sick. The wolf spider hits you!
* * * LOW HITPOINT WARNING * * *
The wolf spider bites you!
You die...

..........####.s.........##......
........#.# #########..####.....
........#.# ###.## ##....
..^.......### ##.(##* ##...
..........^.## ###.###, ###.
.....##.#....####....##.# *#.
†...###..........<.....#* #.#
....##.....#..s.s......# #.*
...###......#^..@......### . #
............#.........###. *...
#.###........#.....^#####.##....*
#####.......##....### #.#...### ,
#.......###.....####....###
#......###^......##.......##*
#.......##...............†.###
#...#####....)...###.........#
######.# ###........##..........


You could see 2 wolf spiders.

Vanquished Creatures
  Snorg (Lair:8)
  3 fire dragons
  A minotaur (Lab)
  4 hydras
  Erolcha (D:10)
  8 death yaks
  Urug (Lair:4)
  Sonja (Lair:2)
  2 lindwurms (Lair:8)
  2 wolf spiders (Spider:1)
  2 griffons
  The ghost of Oddball22 the Cutter, a novice HESk of Ashenzari (D:5)
  7 elephants
  2 black mambas
  A centaur zombie (D:7)
  9 spiny frogs
  5 torpor snails (Lair:8)
  Joseph (D:8)
  A demonic crawler (Spider:1)
  4 fire drakes
  7 komodo dragons
  2 trolls (D:10)
  3 polar bears
  5 jumping spiders (Spider:1)
  4 giant leeches
  Grinder (D:4)
  8 blink frogs
  9 redbacks
  15 yaks
  A tarantella (Spider:1)
  Grum (D:10)
  2 wyverns
  6 hippogriffs
  2 hungry ghosts
  13 wolves
  2 mottled dragons (Lair:8)
  10 porcupines
  The ghost of Potsanchik the Digger, an amateur KoEE (D:3)
  13 water moccasins
  4 phantoms
  2 swamp drakes (Lair:8)
  2 orc warriors
  4 ice beasts
  2 sky beasts (D:10)
  A black bear (Lair:1)
  2 wasps (Lair:8)
  An eye of draining (D:10)
  4 ogres
  13 crocodiles
  7 centaurs
  2 big kobolds
  11 giant frogs
  Blork the orc (D:4)
  5 scorpions
  2 vampire bats (D:2)
  7 killer bees
  5 crimson imps
  2 giant frog skeletons
  5 hounds
  4 orc priests
  5 jellies
  7 orc wizards
  11 iguanas
  8 worker ants
  A killer bee zombie (D:6)
  16 sheep
  9 adders
  62 river rats
  2 shadow imps
  3 oozes
  An adder zombie (D:3)
  3 adder skeletons
  15 worms
  4 giant geckos
  36 orcs
  3 bat skeletons (D:2)
  2 bat zombies (D:2)
  3 giant cockroaches
  6 goblins
  10 hobgoblins
  3 jackals (D:8)
  7 kobolds
  4 quokkas
  11 bats
  A giant gecko skeleton (D:3)
  3 giant newts
  9 rats
  3 fungi (Lair:8)
496 creatures vanquished.

Vanquished Creatures (others)
  2 hydras
  6 death yaks
  12 elephants
  3 spiny frogs
  3 komodo dragons
  2 giant leeches
  A tarantella (Spider:1)
  4 yaks
  2 redbacks (Spider:1)
  A steam dragon (Lair:8)
  3 wolves
  A water moccasin (Lair:2)
  A porcupine (Lair:2)
  A sky beast (D:9)
  2 phantoms
  2 crocodiles
  2 giant frogs
  A scorpion (D:9)
  An orc priest (D:3)
  A centaur skeleton (D:3)
  A giant frog skeleton (D:6)
  2 orc wizards
  2 worker ants
  A sheep (Lair:7)
  A worker ant zombie (D:6)
  2 river rats
  3 worms (Lair:8)
  2 orcs
  A quokka zombie (D:9)
  23 fungi
  44 plants
133 creatures vanquished.

Grand Total: 629 creatures vanquished

Notes
Turn   | Place    | Note
--------------------------------------------------------------
     0 | Abyss:1  | Reinor the Spriggan Abyssal Knight began the quest for the Orb.
     0 | Abyss:1  | Reached XP level 1. HP: 11/11 MP: 3/3
    36 | Abyss:1  | Noticed a smoke demon
    59 | Abyss:1  | Found a burning altar of Makhleb.
    98 | Abyss:1  | Noticed a ynoxinul
   102 | Abyss:1  | Noticed an apocalypse crab
   115 | Abyss:1  | Noticed an iron imp
   126 | D:1      | Escaped the Abyss
   162 | D:1      | Reached * piety under Lugonu
   166 | D:1      | Reached skill level 1 in Stealth
   178 | D:1      | Reached XP level 2. HP: 13/16 MP: 4/4
   934 | D:1      | Reached XP level 3. HP: 19/19 MP: 5/5
  1469 | D:2      | Reached skill level 4 in Short Blades
  1483 | D:2      | Reached ** piety under Lugonu
  1483 | D:2      | Reached XP level 4. HP: 21/23 MP: 6/6
  1484 | D:2      | Found an ancient bone altar of Kikubaaqudgha.
  1502 | D:2      | Reached skill level 5 in Short Blades
  1502 | D:2      | Reached XP level 5. HP: 27/27 MP: 7/7
  2029 | D:3      | Reached skill level 5 in Stealth
  2104 | D:3      | Found a shattered altar of Ashenzari.
  2273 | D:3      | Found an oddly glowing altar of Pakellas.
  2273 | D:3      | Found Pakellas's Prime Provisions.
  2351 | D:3      | Reached skill level 6 in Stealth
  2351 | D:3      | Reached XP level 6. HP: 21/32 MP: 8/8
  2524 | D:3      | Reached *** piety under Lugonu
  2910 | D:3      | Noticed Potsanchik's ghost (amateur KoEE)
  2928 | D:3      | Killed Potsanchik's ghost
  2928 | D:3      | Reached skill level 8 in Stealth
  3041 | D:4      | Noticed Blork the orc
  3043 | D:4      | Killed Blork the orc
  3043 | D:4      | Reached XP level 7. HP: 35/35 MP: 8/10
  3248 | D:4      | Noticed Grinder
  3489 | D:4      | Reached skill level 5 in Dodging
  3900 | D:4      | Killed Grinder
  3900 | D:4      | Reached XP level 8. HP: 40/42 MP: 12/12
  3999 | D:5      | Entered Level 5 of the Dungeon
  4137 | D:5      | Got an iridescent trident
  4262 | D:5      | Reached **** piety under Lugonu
  4440 | D:5      | Noticed Oddball22's ghost (novice HESk)
  4457 | D:5      | Reached skill level 9 in Stealth
  4469 | D:5      | Killed Oddball22's ghost
  4469 | D:5      | Reached skill level 10 in Stealth
  4482 | D:5      | Found a blossoming altar of Fedhas.
  4769 | D:5      | Reached XP level 9. HP: 45/45 MP: 13/13
  5019 | D:6      | Reached skill level 11 in Stealth
  5464 | D:7      | Reached skill level 12 in Stealth
  5626 | D:7      | Learned a level 3 spell: Dazzling Spray
  5629 | D:7      | Found a staircase to the Ecumenical Temple.
  5667 | D:7      | Reached skill level 1 in Evocations
  5723 | D:8      | Reached ***** piety under Lugonu
  5771 | D:8      | Found a sparkling altar of Nemelex Xobeh.
  5803 | D:8      | Reached skill level 5 in Invocations
  5946 | D:8      | Noticed Grum
  6061 | D:8      | Noticed Joseph
  6064 | D:8      | Killed Joseph
  6064 | D:8      | Reached XP level 10. HP: 39/49 MP: 15/15
  6191 | D:8      | Found a burning altar of Makhleb.
  6220 | D:8      | Reached skill level 5 in Evocations
  6299 | D:8      | Found a sparkling altar of Nemelex Xobeh.
  6572 | D:9      | Gained mutation: You tend to lose your temper in combat. [potion of mutation]
  6572 | D:9      | Gained mutation: Your magical capacity is low (-10% MP). [potion of mutation]
  6572 | D:9      | Gained mutation: You are covered in fur (AC +1). [potion of mutation]
  6573 | D:9      | Lost mutation: You tend to lose your temper in combat. [potion of cure mutation]
  6573 | D:9      | Lost mutation: Your magical capacity is low (-10% MP). [potion of cure mutation]
  7001 | D:9      | Found a burning altar of Makhleb.
  7003 | D:9      | Found a bloodstained altar of Trog.
  7003 | D:9      | Found a shimmering altar of Xom.
  7004 | D:9      | Found a radiant altar of Vehumet.
  7004 | D:9      | Found a white marble altar of Elyvilon.
  7004 | D:9      | Found a glowing silver altar of Zin.
  7004 | D:9      | Found a glowing golden altar of the Shining One.
  7412 | D:10     | Entered Level 10 of the Dungeon
  7676 | D:10     | Reached skill level 5 in Fighting
  7712 | D:10     | Reached skill level 10 in Dodging
  7803 | D:10     | Killed Grum
  7928 | D:10     | Found a staircase to the Lair.
  7929 | D:10     | Noticed Erolcha
  7991 | D:10     | Killed Erolcha
  7991 | D:10     | Reached XP level 11. HP: 43/56 MP: 18/18
  8426 | Lair:1   | Entered Level 1 of the Lair of Beasts
  8855 | Lair:1   | Reached ****** piety under Lugonu
  8921 | Lair:1   | Reached skill level 13 in Stealth
  9417 | Lair:2   | Noticed Sonja
  9427 | Lair:2   | Killed Sonja
  9482 | Lair:2   | Reached skill level 14 in Stealth
 10153 | Lair:3   | Noticed a four-headed hydra
 10160 | Lair:3   | Killed a four-headed hydra
 10206 | Lair:3   | Reached skill level 10 in Short Blades
 10424 | Lair:3   | Reached skill level 15 in Stealth
 10465 | Lair:3   | Found a white marble altar of Elyvilon.
 10649 | Lair:3   | Found a staircase to the Swamp.
 10747 | Lair:4   | Reached XP level 12. HP: 61/61 MP: 19/19
 10812 | Lair:4   | Noticed Urug
 10819 | Lair:4   | Killed Urug
 10878 | Lair:4   | Learned a level 1 spell: Summon Butterflies
 10946 | Lair:4   | Found a labyrinth entrance.
 10956 | Lab      | Entered a labyrinth
 11215 | Lab      | Noticed a minotaur
 11218 | Lab      | Killed a minotaur
 11220 | Lab      | Got a brightly glowing silver ring
 11230 | Lab      | Identified the ring of the Sun {rF+ rC+ MR+ MP+9 Slay-3} (You found it in a labyrinth)
 11255 | Lair:4   | Found a hole to the Spider Nest.
 11397 | Lair:4   | Noticed a five-headed hydra
 11515 | Lair:4   | Banished a five-headed hydra
 11515 | Lair:4   | Reached skill level 16 in Stealth
 11967 | Lair:5   | Noticed a five-headed hydra
 11972 | Lair:5   | Killed a five-headed hydra
 12082 | Lair:5   | Gained mutation: You are weak. (Str -2) [potion of mutation]
 12082 | Lair:5   | Gained mutation: You passively map a small area around you. [potion of mutation]
 12083 | Lair:5   | Gained mutation: You have a pair of small horns on your head. [potion of beneficial mutation]
 12084 | Lair:5   | Gained mutation: Your spells are a little harder to cast, but a little more powerful. [potion of beneficial mutation]
 12352 | Lair:5   | Reached skill level 1 in Spellcasting
 12352 | Lair:5   | Reached skill level 1 in Hexes
 12513 | Lair:5   | Learned a level 5 spell: Silence
 12723 | Lair:6   | Got a faintly glowing golden ring
 12743 | Lair:6   | Identified the ring of Xoerch {Ice rPois MR- Dex+2} (You found it on level 6 of the Lair of Beasts)
 12746 | Lair:6   | Noticed a seven-headed hydra
 12753 | Lair:6   | Killed a seven-headed hydra
 13212 | Lair:6   | Reached skill level 5 in Hexes
 13328 | Lair:6   | Reached skill level 5 in Spellcasting
 13951 | Lair:7   | Noticed a fire dragon
 13951 | Lair:7   | Noticed a death yak
 13951 | Lair:7   | Noticed a death yak
 13951 | Lair:7   | Noticed a death yak
 14040 | Lair:7   | Reached XP level 13. HP: 47/65 MP: 23/23
 14442 | Lair:7   | Found a runed door.
 14444 | Lair:7   | Found a viscous altar of Jiyva.
 14638 | Lair:7   | Reached skill level 1 in Throwing
 14772 | Lair:7   | Found a staircase to the Slime Pits.
 15126 | Lair:7   | Reached skill level 5 in Throwing
 15472 | Lair:7   | Reached skill level 10 in Hexes
 15679 | Lair:7   | Killed a fire dragon
 15937 | Lair:8   | Entered Level 8 of the Lair of Beasts
 15993 | Lair:8   | Noticed Snorg
 15997 | Lair:8   | Killed Snorg
 16007 | Lair:8   | Learned a level 6 spell: Deflect Missiles
 16012 | Lair:8   | Learned a level 4 spell: Airstrike
 16348 | Lair:8   | Reached XP level 14. HP: 19/70 MP: 27/27
 17180 | Lair:8   | Found a runed door.
 17269 | Lair:8   | HP: 1/70 [giant leech (33)]
 18223 | Spider:1 | Entered Level 1 of the Spider Nest
 18478 | Spider:1 | Reached skill level 15 in Hexes
 18755 | Spider:1 | Slain by a wolf spider

Vault maps used:
D:1:      dpeg_arrival_arbitrary_c
D:2:      kennysheep_vampire_church
D:3:      nicolae_overflow_crystal_walls, johnstein_pakellas_shop
D:4:      first_bread, serial_forest, infiniplex_forest_clump_curved,
          infiniplex_forest_lined_corner, infiniplex_forest_lined_4_way,
          infiniplex_forest_clump_small, infiniplex_forest_clump_C,
          infiniplex_forest_straight_4, infiniplex_forest_lined_corner,
          uniq_blork_the_orc, uniq_grinder
D:5:      kennysheep_six_static_rooms, marbit_many_paths,
          minmay_misc_feat_diagonals
D:7:      minmay_temple_entry_junction
D:8:      nemelex_xobeh_ov_fountains_minmay, basic_altar, blue_anna_alchemist,
          nemelex_spade_bored_becter, uniq_joseph, uniq_grum
D:9:      grunt_temple_overflow_open
D:10:     nicolae_whirlpool, minmay_lair_entry_lava, uniq_erolcha
Lair:1:   grunt_megastairs_4
Lair:2:   grunt_megastairs_2, serial_bayou_shore_b, serial_bayou_shore_b,
          uniq_sonja
Lair:3:   minmay_swamp_entry_worms, basic_altar
Lair:4:   spider_nest_entry_webs, lab_entry_generic, minivault_26,
          serial_bayou_shore_b, uniq_urug
Lair:5:   lemuel_old_faithful
Lair:6:   serial_bayou_shore_a
Lair:7:   dragon1_lemuel, slime_altar_2, serial_bayou_shore_b,
          lemuel_fruit_fields
Lair:8:   guppyfry_lair_end_dragon, wormcave, bh_autumn_forest_stairs,
          grunt_megastairs_3, uniq_snorg
Lab:      lab_hedge, nicolae_lab_big_swirl, labyrinth_skeletal_remains

Action                   |  1- 3 |  4- 6 |  7- 9 | 10-12 | 13-15 || total
-------------------------+-------+-------+-------+-------+-------++-------
Melee: Short sword       |   139 |   153 |   252 |   842 |   884 ||  2270
 Fire: Blowgun           |       |       |       |   102 |    79 ||   181
 Cast: Dazzling Spray    |       |       |       |       |    50 ||    50
Invok: Depart the Abyss  |     1 |       |       |       |       ||     1
       Banish            |       |       |       |     4 |     3 ||     7
Evoke: Wand              |       |       |       |     8 |     5 ||    13
  Use: Scroll            |       |     8 |    11 |    16 |     4 ||    39
       Potion            |       |     1 |     5 |    10 |     4 ||    20
 Stab: Sleeping          |     5 |    10 |    35 |    77 |    25 ||   152
       Distracted        |     1 |     1 |     3 |     7 |     3 ||    15
       Invisible         |       |       |     3 |       |    14 ||    17
       Confused          |       |       |       |       |     1 ||     1
  Eat: Fruit             |       |       |     1 |     8 |     6 ||    15
       Bread ration      |       |       |     1 |       |       ||     1
